 Dungeon Crawl Stone Soup version 0.23-a0-130-g0e7800e (console) character file.

166 nht the Bolt Thrower (level 5, 0/42 HPs)
             Began as a Minotaur Hunter on Aug 27, 2018.
             Succumbed to a kobold's poison
             ... on level 3 of the Dungeon.
             The game lasted 00:02:24 (1790 turns).

nht the Bolt Thrower (Minotaur Hunter)              Turns: 1790, Time: 00:02:25

Health: 0/42       AC:  3    Str: 20    XL:     5   Next: 22%
Magic:  4/4        EV: 12    Int:  8    God:
Gold:   135        SH:  0    Dex: 12    Spells: 4/4 levels left

rFire    . . .     SeeInvis .   d - +0 war axe
rCold    . . .     Gourm    .   (no shield)
rNeg     . . .     Faith    .   c - +0 leather armour
rPois    .         Spirit   .   (helmet restricted)
rElec    .         Reflect  .   (no cloak)
rCorr    .         Harm     .   (no gloves)
MR       .....                  (no boots)
Stlth    ++........             (no amulet)
HPRegen  0.14/turn              (no ring)
MPRegen  0.09/turn              (no ring)

@: lethally poisoned (0 -> -9), berserk cooldown, slowed, very slow
A: retaliatory headbutt, horns 2, thin skeletal structure 1, deterioration 1,
strong 1, wild magic 1
a: no special abilities


You were on level 3 of the Dungeon.
You were not hungry.

You visited 1 branch of the dungeon, and saw 3 of its levels.

You collected 135 gold pieces.

Inventory:

Hand Weapons
 a - a +1 hand crossbow
 b - a +0 short sword
 d - a +0 war axe (weapon)
Missiles
 t - 4 bolts
Armour
 c - a +0 leather armour (worn)
Jewellery
 p - an uncursed amulet of guardian spirit {unknown}
Wands
 v - a wand of scattershot (2)
Scrolls
 g - a scroll of identify {unknown}
 h - a scroll of enchant weapon {unknown}
 j - a scroll of remove curse {unknown}
 k - 2 scrolls of teleportation
 o - 3 scrolls of amnesia {unknown}
 q - a scroll of fog {unknown}
 s - a scroll of blinking {unknown}
 u - a scroll of noise {unknown}
Potions
 n - 3 potions of lignification
Comestibles
 f - 4 rations


   Skills:
 - Level 2.4 Fighting
 + Level 1.9 Axes
 - Level 6.9 Crossbows
 - Level 2.1 Dodging
 - Level 0.7 Stealth


You had 4 spell levels left.
You didn't know any spells.
Your spell library was empty.

Dungeon Overview and Level Annotations

Branches:
Dungeon (3/15)

Altars:
Gozag


Innate Abilities, Weirdness & Mutations

You reflexively headbutt those who attack you in melee.
You have a pair of horns on your head.
You have a somewhat thin skeletal structure. (Dex +2, Stealth)
Your body sometimes deteriorates upon taking damage.
Your muscles are strong. (Str +2)
Your spells are a little harder to cast, but a little more powerful.


Message History

You feel your anger nearly subside.
You are no longer berserk.
You are exhausted.
You feel yourself slow down.
* * * LOW HITPOINT WARNING * * *
You feel sick.
* * * LOW HITPOINT WARNING * * *
You feel sick.
You see here 3 poisoned needles.
* * * LOW HITPOINT WARNING * * *
You feel sick.
There is an open door here.
* * * LOW HITPOINT WARNING * * *
You feel sick.
There is a stone staircase leading up here.
Okay, then.
* * * LOW HITPOINT WARNING * * *
You feel sick.
* * * LOW HITPOINT WARNING * * *
You feel sick.
You die...

█......(>.(.)(.(..'...........'
█...█'█████.......█████████████
█...█.........((..█ █
█(..██████........█ █...█
████).......█ █.).█
█...........█ █.).█
█.███.......█ █.(.█ █
..█.....███


█████ █.█...@.█ █.████'██ █.█...(██ █.....†.█ █..((...█ █..(....█ █.......█
%....')......█ .....█.......█ There were no monsters in sight!

Vanquished Creatures
  A water moccasin skeleton (D:2)
  2 gnolls (D:3)
  An adder (D:3)
  An ooze (D:1)
  3 dart slugs
  3 leopard geckos
  4 orcs (D:3)
  4 giant cockroaches
  8 goblins
  10 hobgoblins
  3 jackals (D:1)
  A quokka (D:3)
  8 bats
  4 frilled lizards
  9 kobolds
  6 rats
68 creatures vanquished.

Notes
Turn   | Place    | Note
-------+----------+-------------------------------------------
     0 | D:1      | nht the Minotaur Hunter began the quest for the Orb.
     0 | D:1      | Reached XP level 1. HP: 18/18 MP: 0/0
    29 | D:1      | Reached XP level 2. HP: 25/25 MP: 1/1
    85 | D:1      | Reached skill level 5 in Crossbows
   248 | D:1      | Reached XP level 3. HP: 30/30 MP: 2/2
   515 | D:2      | Reached skill level 6 in Crossbows
   515 | D:2      | Reached XP level 4. HP: 19/37 MP: 3/3
   830 | D:2      | Found an opulent altar of Gozag.
  1310 | D:3      | Reached XP level 5. HP: 31/42 MP: 4/4
  1343 | D:3      | Reached skill level 1 in Axes
  1346 | D:3      | Gained mutation: Your spells are a little harder to cast,
                  | but a little more powerful. [potion of mutation]
  1346 | D:3      | Gained mutation: You have a somewhat thin skeletal
                  | structure. (Dex +2, Stealth) [potion of mutation]
  1346 | D:3      | Gained mutation: Your body sometimes deteriorates upon
                  | taking damage. [potion of mutation]
  1346 | D:3      | Gained mutation: Your muscles are strong. (Str +2) [potion
                  | of mutation]
  1788 | D:3      | HP: 2/42 [poisoned by a kobold]
  1790 | D:3      | Succumbed to a kobold's poison

Vault maps used:
D:1:      lightli_molten_gateway, minmay_crystal_room, st_stairs_1
D:2:      grunt_gozag_statues
D:3:      first_ration, st_stairs_10

Skill      XL: |  1  2  3  4  5 |
---------------+----------------+-----
Crossbows      | 5 6 |  6.9
Axes           | 1 |  1.9
Fighting       | |  2.4
Dodging        | |  2.1
Stealth        | |  0.7

Action                   |  1- 3 |  4- 6 || total
-------------------------+-------+-------++-------
Melee: Short sword       |       |    11 ||    11
       War axe           |       |    17 ||    17
       Headbutt          |       |     3 ||     3
 Fire: Hand crossbow     |    71 |    24 ||    95
Evoke: Wand              |       |     3 ||     3
  Use: Potion            |       |     8 ||     8
       Scroll            |       |     1 ||     1
  Eat: Chunk             |       |     3 ||     3
Armor: Leather armour    |     1 |     7 ||     8
Dodge: Dodged            |    13 |    56 ||    69

Table legend:
 A = Non-vault XP
 B = Vault XP
 C = Vault XP percentage of total XP
 D = Non-vault monster count
 E = Vault monster count
 F = Vault count percentage of total count
                 A         B        C        D         E       F
            +---------+---------+-------+---------+---------+-------
      Total |     231 |       7 |   2.9 |      64 |       4 |   5.9
            +---------+---------+-------+---------+---------+-------
        D:1 |      63 |       4 |   6.0 |      30 |       2 |   6.2
        D:2 |      93 |       0 |   0.0 |      14 |       0 |   0.0
        D:3 |      75 |       3 |   3.8 |      20 |       2 |   9.1
            +---------+---------+-------+---------+---------+-------
